 Dungeon Crawl Stone Soup version 0.29.1-14-g9c671dbff4 (webtiles) character file.

Game seed: 11174928883696988307

67 zeram the Caller (level 3, 0/32 HPs)
             Began as a Troll Summoner on Feb 19, 2023.
             Slain by a gnoll
             ... wielding a +0 whip
              (5 damage)
             ... on level 4 of the Dungeon.
             The game lasted 00:03:38 (1772 turns).

zeram the Caller (Troll Summoner)                   Turns: 1772, Time: 00:03:39

Health: 0/32       AC:  4    Str: 16    XL:     3   Next: 98%
Magic:  4/4        EV: 10    Int: 13    God:
Gold:   140        SH:  0    Dex: 10    Spells: 1/4 levels left

rFire   . . .      SeeInvis .   l - +1 whip
rCold   . . .      Faith    .   (no shield)
rNeg    . . .      Spirit   .   a - +0 robe
rPois   .          Reflect  .   (helmet restricted)
rElec   .          Harm     .   (no cloak)
rCorr   .          Rampage  .   (gloves unavailable)
Will    .....                   (boots unavailable)
Stlth   +.........              (no amulet)
HPRegen 0.90/turn               (no ring)
MPRegen 0.09/turn               (no ring)

@: no status effects
A: large, unfitting armour, claws 3, regeneration 1, shaggy fur 1, tough skin 1
a: no special abilities


You were on level 4 of the Dungeon.
You visited 1 branch of the dungeon, and saw 4 of its levels.

You collected 140 gold pieces.

Inventory:

Hand Weapons
 l - a +1 whip (weapon)
Armour
 a - a +0 robe (worn)
Potions
 b - 2 potions of magic
 c - 3 potions of brilliance {unknown}
 f - a potion of cancellation
 g - 3 potions of curing
 h - a potion of haste {unknown}


   Skills:
 - Level 0.4 Fighting
 + Level 1.2 Maces & Flails
 + Level 2.1 Dodging
 - Level 1.0 Stealth
 - Level 0.4 Unarmed Combat
 + Level 1.3 Spellcasting
 + Level 3.4 Summonings


You had one spell level left.
You knew the following spells:

 Your Spells              Type           Power      Damage    Failure   Level
a - Summon Small Mammal   Summ           36%        N/A       7%          1
b - Call Imp              Summ           9%         N/A       10%         2

Your spell library contained the following spells:

 Spells                   Type           Power      Damage    Failure   Level
 Foxfire                  Conj/Fire      0%         2x1d4     26%         1
 Call Canine Familiar     Summ           9%         N/A       21%         3
 Summon Guardian Golem    Hex/Summ       5%         N/A       36%         3
 Conjure Flame            Conj/Fire      0%         6-21      63%         3
 Inner Flame              Hex/Fire       0%         N/A       63%         3
 Summon Lightning Spire   Summ/Air       5%         N/A       78%         4
 Flame Wave               Conj/Fire      0%         2d4       95%         4


Dungeon Overview and Level Annotations

Branches:
Dungeon (3/15)

Altars:


Innate Abilities, Weirdness & Mutations

You are too large for most types of armour.
You have claws for hands.
Your natural rate of healing is unusually fast.
You are covered in fur. (AC +1)
You have tough skin. (AC +1)


Message History

The gnoll is heavily wounded.
The gnoll hits you but does no damage.
You hit the gnoll.
The gnoll is severely wounded.
The gnoll hits you with a +0 whip.
You closely miss the gnoll.
The gnoll is severely wounded.
The gnoll hits you with a +0 whip. The gnoll closely misses you.
You hit the gnoll but do no damage.
The gnoll is severely wounded.
The gnoll misses you. The goblin hits you but does no damage.
You closely miss the gnoll.
The gnoll is severely wounded.
The gnoll hits you with a +0 whip. x2; The goblin hits you but does no damage.
You hit the gnoll.
The gnoll is almost dead.
The gnoll hits you but does no damage. The gnoll hits you with a +0 whip!
The goblin closely misses you.
You are too injured to fight recklessly!
You are too injured to fight recklessly!
You are too injured to fight recklessly!
You are too injured to fight recklessly!
You are too injured to fight recklessly!
You are too injured to fight recklessly!
You are too injured to fight recklessly!
You are too injured to fight recklessly!
You are too injured to fight recklessly!
You are too injured to fight recklessly!
You are too injured to fight recklessly!
You are too injured to fight recklessly!
You are too injured to fight recklessly!
You are too injured to fight recklessly!
You are too injured to fight recklessly!
The goblin attacks as you move away! The goblin hits you but does no damage.
The gnoll hits you with a +0 whip.
There is an open door here.
The gnoll attacks as you move away! The gnoll hits you with a +0 whip.
* * * LOW HITPOINT WARNING * * *
The gnoll attacks as you move away! The gnoll hits you with a +0 whip.
You die...

#........
#........
#######......).
#..............
#..............
#............#
#......gg..#
#######g#### #@#
#.###
########...#
#......###.#
#......###'####
#.............#
#.............#
#.............#
#..............#


You could see 2 gnolls and a goblin.

Vanquished Creatures
  An adder (D:2)
  4 worms (D:2)
  A dart slug (D:2)
  3 orcs (D:4)
  A ball python (D:1)
  4 bats
  4 endoplasms
  A giant cockroach (D:2)
  A goblin (D:1)
  5 hobgoblins
  A kobold (D:2)
  3 quokkas
  2 frilled lizards
  8 rats
39 creatures vanquished.

Notes
Turn   | Place    | Note
-------+----------+-------------------------------------------
     0 | D:1      | zeram the Troll Summoner began the quest for the Orb.
     0 | D:1      | Reached XP level 1. HP: 16/16 MP: 1/1
    37 | D:1      | Reached skill level 3 in Summonings
   232 | D:1      | Reached XP level 2. HP: 22/26 MP: 2/2
   235 | D:1      | Learned a level 2 spell: Call Imp
   942 | D:2      | Reached XP level 3. HP: 32/32 MP: 4/4
  1124 | D:2      | Reached skill level 1 in Maces & Flails
  1646 | D:3      | You fall into a shaft and drop 1 floor!
  1772 | D:4      | Slain by a gnoll

Illustrated notes

Levels and vault maps discovered:
D:1:      psy_arrival_terrarium, layout_basic, serial_glass, glass_columns_b,
          glass_columns_a, glass_columns_b, glass_columns_b, glass_columns_a,
          glass_columns_b, feat_on_display, due_unseen_surprise,
          feat_on_display, feat_on_display
D:2:      layout_basic, minmay_split_cup_small
D:3:      layout_loops_cross, nzn_wu_jian_council_hall,
          mainiacjoe_overflow_paths, mainiacjoe_overflow_big_doors,
          skrybe_limestone_x, due_unseen_surprise, uniq_natasha
D:4:      minmay_clustersquares, layout_basic, minmay_temple_entry_fiery

Skill      XL: |  1  2  3 |
---------------+----------+-----
Summonings     | 3 |  3.4
Dodging        | 2 |  2.1
Maces & Flails | 1 |  1.2
Fighting       | |  0.4
Stealth        | |  1.0
Unarmed Combat | |  0.4
Spellcasting   | |  1.3

Action                   || total
-------------------------++-------
Melee: Unarmed           ||    39
       Punch             ||     2
       Whip              ||   143
       Club              ||    16
  Use: Scroll            ||    10
 Stab: Sleeping          ||     4
Armor: Robe              ||    58
Dodge: Dodged            ||    98
